 Dungeon Crawl Stone Soup version 0.30.1-11-g7821555f0a (webtiles) character file.

Game seed: 361055811694673536

167 jagang the Slasher (level 5, -12/44 HPs)
             Began as a Barachi Monk on Nov 14, 2023.
             Mangled by Azazsd's ghost (14 damage)
             ... on level 3 of the Dungeon.
             The game lasted 00:04:32 (2189 turns).

jagang the Slasher (Barachi Monk)                   Turns: 2189, Time: 00:04:32

Health: -12/44     AC:  5    Str: 16    XL:     5   Next: 48%
Magic:  5/5        EV: 17    Int: 10    God:
Gold:   125        SH:  0    Dex: 22    Spells: 4/4 levels left

rFire   . . .        i - +4 flail of the Glowing Gods {venom, Str+4 Dex+5 Stlth+}
rCold   . . .        d - orb {light}
rNeg    . . .        m - +0 ring mail
rPois   .            (no helmet)
rElec   .            (no cloak)
rCorr   .            (no gloves)
SInv    .            (no boots)
Will    .....        g - amulet of the acrobat
Stlth   +            o - +5 ring of evasion
HPRegen 0.27/turn    (no ring)
MPRegen 0.09/turn

%: acrobat
@: confused, ambrosia-drunk, unable to hop, glowing, slow
A: amphibious, slowness 1, strong legs 1, +LOS
a: Hop


You were on level 3 of the Dungeon.
You visited 1 branch of the dungeon, and saw 3 of its levels.

You collected 125 gold pieces.

Inventory:

Hand Weapons
 a - a +0 falchion
 i - the +4 flail of the Glowing Gods (weapon) {venom, Str+4 Dex+5 Stlth+}
   (You found it on level 2 of the Dungeon)

   Str:       It affects your strength (+4).
   Dex:       It affects your dexterity (+5).
   Stlth:     It makes you more stealthy.
 j - a +0 long sword
Missiles
 n - 5 poisoned darts
Armour
 d - an orb of light (worn)
 m - a +0 ring mail (worn)
Jewellery
 g - an amulet of the acrobat (around neck)
 k - a ring of fire
 o - a +5 ring of evasion (left hand)
Scrolls
 b - a scroll of enchant weapon {unknown}
 h - a scroll of blinking {unknown}
 l - a scroll of amnesia {unknown}
 p - a scroll of vulnerability {unknown}
 q - a scroll of poison {unknown}
Potions
 e - a potion of resistance {unknown}
 f - a potion of magic {unknown}


   Skills:
 * Level 5.0 Fighting
 * Level 5.1 Long Blades
 + Level 0.0 Throwing
 * Level 3.3 Armour
 - Level 3.2 Dodging


You had 4 spell levels left.
You didn't know any spells.
Your spell library contained the following spells:

 Spells                   Type           Power      Damage    Failure   Level
 Summon Guardian Golem    Hex/Summ       0%         N/A       91%         3
 Orb of Destruction       Conj           0%         9d5       100%        7
 Spellforged Servitor     Conj/Summ      0%         N/A       100%        7


Dungeon Overview and Level Annotations

Branches:
Dungeon (3/15)

Altars:

Shops:
D:3 [

Annotations:
D:3 Azazsd's ghost, amateur TrFi


Innate Abilities, Weirdness & Mutations

You are amphibious.
You cover ground slowly.
You can hop short distances.
You have an extended range of vision and can be seen from far away.


Message History

Azazsd's ghost turns its malevolent gaze towards you.
Azazsd's ghost wails, "Very impressive.
But it won't help.
Nothing will."
You open the door. You hit Azazsd's ghost.
Azazsd's ghost is lightly damaged.
Azazsd's ghost hits you but does no damage.
You sock Azazsd's ghost!
Azazsd's ghost is lightly damaged.
Azazsd's ghost barely misses you. Azazsd's ghost misses you.
You hit Azazsd's ghost.
Azazsd's ghost is moderately damaged.
Azazsd's ghost misses you.
You hit Azazsd's ghost.
Azazsd's ghost is moderately damaged.
Azazsd's ghost hits you! Azazsd's ghost completely misses you.
You hit Azazsd's ghost.
Azazsd's ghost is moderately damaged.
Azazsd's ghost misses you.
You hit Azazsd's ghost but do no damage.
Azazsd's ghost is moderately damaged.
Azazsd's ghost hits you!
You hit Azazsd's ghost.
Azazsd's ghost is moderately damaged.
Azazsd's ghost barely misses you. Azazsd's ghost misses you.
You completely miss Azazsd's ghost.
Azazsd's ghost is moderately damaged.
Azazsd's ghost hits you!
* * * LOW HITPOINT WARNING * * *
Hop to where?
Press: ? - help, Dir - move target Boing!
Okay, then.
You are confused.
You feel invigorated.
You barely miss Azazsd's ghost.
Azazsd's ghost is moderately damaged.
Azazsd's ghost hits you!
* * * LOW HITPOINT WARNING * * *
Azazsd's ghost hits you!
You die...

#.### #....# #.
#.# #.#### #.
#.# #.# #. #.#
#.# #. #.#
#.### #. #.#
#...# #. #.#
###.# #.
###.###########
#.
#....@W.#.....#
#.
#.......'~~~~!#
#.
#.......#.....#
#.
#.....#########
#. #.....# #.#
#. ##.#### #.#
## ##.## #.#
#...###### #.#
#.#......# #.#


You could see Azazsd's ghost.

Vanquished Creatures
  2 orc priests (D:2)
  3 gnolls (D:2)
  An adder (D:2)
  4 orcs
  3 endoplasms (D:1)
  5 giant cockroaches
  5 goblins
  8 hobgoblins
  3 jackals (D:1)
  7 kobolds
  5 quokkas
  4 ball pythons
  6 bats
  4 frilled lizards
  3 rats
63 creatures vanquished.

Notes
Turn   | Place    | Note
-------+----------+-------------------------------------------
     0 | D:1      | jagang the Barachi Monk began the quest for the Orb.
     0 | D:1      | Reached XP level 1. HP: 18/18 MP: 1/1
    92 | D:1      | Reached XP level 2. HP: 25/25 MP: 2/2
    96 | D:1      | Reached skill level 1 in Armour
   245 | D:1      | Reached XP level 3. HP: 20/30 MP: 3/3
   773 | D:2      | Identified the +4 flail of the Glowing Gods {venom, Str+4
                  | Dex+5 Stlth+}
   978 | D:2      | Reached XP level 4. HP: 16/38 MP: 4/4
  1114 | D:2      | Reached XP level 5. HP: 29/43 MP: 5/5
  1210 | D:2      | Reached skill level 5 in Long Blades
  1352 | D:2      | Reached skill level 5 in Fighting
  1643 | D:3      | Found Faec's Armour Shoppe.
  1830 | D:3      | Found a runed translucent door.
  1834 | D:3      | Noticed Azazsd's ghost (amateur TrFi)
  2189 | D:3      | HP: 2/44 [Azazsd's ghost (14)]
  2189 | D:3      | Mangled by Azazsd's ghost

Illustrated notes

Levels and vault maps discovered:
D:1:      reono_arrival_mine, layout_rooms, chequers_decorated_corner
D:2:      layout_loops_cross, kennysheep_generic_room_10
D:3:      layout_loops_ring, ebering_ghost_reflecting_pool, serial_shops, shop

Skill      XL: |  1  2  3  4  5 |
---------------+----------------+-----
Armour         | 1 2 3 |  3.3
Long Blades    | 4 5 |  5.1
Fighting       | 4 5 |  5.0
Dodging        | |  3.2

Action                     |  1- 3 |  4- 6 || total
---------------------------+-------+-------++-------
  Melee: Falchion          |    84 |       ||    84
         Flail             |    15 |    46 ||    61
Ability: Hop               |     1 |     1 ||     2
    Use: Potion            |       |     1 ||     1
   Stab: Sleeping          |     1 |       ||     1
 Armour: Robe              |    18 |       ||    18
         Leather armour    |     1 |     1 ||     2
         Ring mail         |       |     5 ||     5
  Dodge: Dodged            |    89 |    36 ||   125
